 Dungeon Crawl Stone Soup version 0.29-a0-581-ge9a90b782e (webtiles) character file.

Game seed: 9276955779189327597

455 Nedwor the Ruffian (level 6, 62/62 HPs)
             Began as a Troll Monk on June 14, 2022.
             Quit the game in the Ecumenical Temple.
             The game lasted 00:03:55 (2513 turns).

Nedwor the Ruffian (Troll Monk)                     Turns: 2513, Time: 00:03:55

Health: 62/62      AC:  9    Str: 22    XL:     6   Next: 76%
Magic:  5/5        EV: 11    Int:  6    God:
Gold:   216        SH:  0    Dex: 12    Spells: 5/5 levels left

rFire   + . .      SeeInvis .     - Unarmed
rCold   . . .      Faith    .   (no shield)
rNeg    . . .      Spirit   .   r - +2 robe {rF+}
rPois   .          Reflect  .   (helmet restricted)
rElec   .          Harm     .   n - +2 cloak
rCorr   .          Rampage  .   (gloves unavailable)
Will    .....                   (boots unavailable)
Stlth   ++........              (no amulet)
HPRegen 1.00/turn               (no ring)
MPRegen 0.09/turn               (no ring)

@: no status effects
A: large, unfitting armour, claws 3, regeneration 1, shaggy fur 1, tough skin 1
a: no special abilities


You were in the Ecumenical Temple.
You visited 2 branches of the dungeon, and saw 5 of its levels.

You collected 216 gold pieces.

Inventory:

Armour
 n - a +2 cloak (worn)
 r - a +2 robe of fire resistance (worn)
Jewellery
 o - an amulet of guardian spirit
Wands
 b - a wand of polymorph (1)
Scrolls
 a - a scroll of poison {unknown}
 d - 3 scrolls of magic mapping {unknown}
 e - 4 scrolls of identify {unknown}
 f - 2 scrolls of blinking {unknown}
 g - a scroll of immolation {unknown}
 h - a scroll of amnesia {unknown}
 i - a scroll of noise {unknown}
 k - a scroll of silence {unknown}
 m - a scroll of summoning {unknown}
 s - a scroll of fog {unknown}
 t - a scroll of teleportation {unknown}
Potions
 c - a potion of attraction {unknown}
 j - a potion of heal wounds {unknown}
 l - 2 potions of lignification {unknown}
 p - a potion of brilliance {unknown}
 q - 2 potions of mutation {unknown}


   Skills:
 + Level 3.7 Fighting
 + Level 3.8 Dodging
 - Level 1.0 Stealth
 * Level 5.9 Unarmed Combat


You had 5 spell levels left.
You didn't know any spells.
Your spell library contained the following spells:

 Spells                   Type           Power      Damage    Failure   Level
 Sublimation of Blood     Necr           0%         N/A       58%         2
 Wereblood                Tmut           0%         N/A       58%         2
 Summon Hydra             Summ           0%         N/A       100%        7


Dungeon Overview and Level Annotations

Branches:
Dungeon (4/15)             Temple (1/1) D:4

Altars:
Ashenzari
Gozag
Hepliaklqana
Kikubaaqudgha
Nemelex Xobeh
Okawaru
Qazlal
Ru
Sif Muna
Trog
Uskayaw
Vehumet
Xom
Yredelemnul
Zin
The Shining One

Shops:
D:2 (   D:4 :


Innate Abilities, Weirdness & Mutations

You are too large for most types of armour.
You have claws for hands.
Your natural rate of healing is unusually fast.
You are covered in fur. (AC +1)
You have tough skin. (AC +1)


Message History

You open the door.
Found a radiant altar of Vehumet.
There is an open door here.
Found an opulent altar of Gozag.
You open the door.
Found a bloodstained altar of Trog.
There is an open door here.
There is an open door here.
You open the door.
Found a shimmering altar of Xom and a hazy altar of Hepliaklqana.
There is an open door here.
There is an open door here.
Found a glowing silver altar of Zin.
You open the door.
Found two altars.
Found a stormy altar of Qazlal.
There is an open door here.
There is an open door here.
Found an iron altar of Okawaru.
You open the door.
Found a shimmering blue altar of Sif Muna.
There is an open door here.
There is an open door here.
You open the door.
Found an ancient bone altar of Kikubaaqudgha and a sacrificial altar of Ru.
There is an open door here.
There is an open door here.
You open the door.
Found a sparkling altar of Nemelex Xobeh.
There is an open door here.
There is an open door here.
There is a radiant altar of Vehumet here.
There is an open door here.
You open the door.
Found a hide-covered altar of Uskayaw.
There is an open door here.
Done exploring.
Done exploring.
Search for what [Enter for "cloak", or ? for help]? altar Are you sure you want to abandon this character and quit the game? (Confirm with "yes".)

#.....##.....## ##.....##.....#
#......###.###########.###......#
#.......####..##.##..####.......#
#.......#...#.#...#.#...#.......#
#.......##._.##...##._.##.......#
#........#...#.._..#...#........#
#####....'##.##...##.##.....#####
#...##.....####...####.....##...#
#....#'#......##@##......#'#....#
#......##......#'#......##......#
#._.....##.............##.._.._.#
#........#.....#.#.....#........#
#.P.._...#....#...#....#..._....#
#........#...###.###...#........#
############## ### ##############


There were no monsters in sight!

Vanquished Creatures
  Sigmund (D:3)
  Blork the orc (D:4)
  2 scorpions (D:4)
  A hound (D:4)
  2 adders (D:2)
  A dart slug (D:3)
  2 orcs
  8 endoplasms
  4 giant cockroaches
  3 hobgoblins
  6 jackals
  3 quokkas
  6 ball pythons
  3 bats
  4 frilled lizards
  4 goblins
  9 kobolds
  2 rats (D:2)
62 creatures vanquished.

Notes
Turn   | Place    | Note
-------+----------+-------------------------------------------
     0 | D:1      | Nedwor the Troll Monk began the quest for the Orb.
     0 | D:1      | Reached XP level 1. HP: 22/22 MP: 0/0
   504 | D:1      | Reached XP level 2. HP: 29/29 MP: 1/1
   799 | D:2      | Found a broken altar of Ashenzari.
   865 | D:2      | Reached XP level 3. HP: 36/36 MP: 2/2
   912 | D:2      | Found Kack's Weapon Emporium.
  1401 | D:3      | Reached skill level 4 in Unarmed Combat
  1733 | D:3      | Noticed Sigmund
  1765 | D:3      | Killed Sigmund
  1766 | D:3      | Reached skill level 5 in Unarmed Combat
  1766 | D:3      | Reached XP level 4. HP: 45/45 MP: 3/3
  1766 | D:3      | Reached XP level 5. HP: 53/53 MP: 4/4
  1835 | D:4      | Reached XP level 6. HP: 61/61 MP: 5/5
  1880 | D:4      | Found Umoij's Book Boutique.
  2263 | D:4      | Noticed Blork the orc
  2264 | D:4      | Found a staircase to the Ecumenical Temple.
  2272 | D:4      | Killed Blork the orc
  2285 | Temple   | Entered the Ecumenical Temple
  2513 | Temple   | Quit the game

Illustrated notes

Levels and vault maps discovered:
D:1:      ncdulo_watergridlock, layout_basic
D:2:      layout_rooms, basic_altar, serial_shops, shop
D:3:      layout_loops_ring, kennysheep_pointless_box, uniq_sigmund
D:4:      nicolae_cairo_tiling, layout_cave_pools,
          lemuel_coloured_pillars_altar, serial_shops, nicolae_shop_statue_plus,
          minmay_crystal_room, skrybe_limestone_x, uniq_blork_the_orc,
          uniq_crazy_yiuf_cottage
Temple:   regret_index_temple_generic_petals

Skill      XL: |  1  2  3 |
---------------+----------+-----
Unarmed Combat | 5 |  5.9
Fighting       | 3 |  3.7
Dodging        | 3 |  3.8
Stealth        | |  1.0

Action                   |  1- 3 |  4- 6 || total
-------------------------+-------+-------++-------
Melee: Unarmed           |   105 |    46 ||   151
       Punch             |       |     1 ||     1
  Use: Potion            |     1 |       ||     1
 Stab: Sleeping          |     8 |     1 ||     9
       Confused          |     1 |       ||     1
Armor: Robe              |    26 |    21 ||    47
       Skin              |     2 |       ||     2
Dodge: Dodged            |    64 |    29 ||    93

Table legend: (Time is in decaauts)
 A = Elapsed time spent in this place.
 B = Non-inter-level travel time spent in this place.
 C = Inter-level travel time spent in this place.
 D = Time resting spent in this place.
 E = Time spent auto-exploring this place.
 F = Levels seen in this place.
 G = Mean time per level.
                   A        B        C        D        E       F      G
               +--------+--------+--------+--------+--------+-----+--------+
         Total |   2501 |   2422 |     79 |      0 |   1969 |   5 |  500.2 |
       Dungeon |   2273 |   2194 |     79 |      0 |   1746 |   4 |  568.2 |
        Temple |    227 |    227 |      0 |      0 |    223 |   1 |  227.0 |
               +--------+--------+--------+--------+--------+-----+--------+

Top non-repeatable levels by time:
     D:1: 736 daAuts
     D:3: 625 daAuts
     D:2: 460 daAuts
     D:4: 451 daAuts
  Temple: 227 daAuts
